 Dungeon Crawl Stone Soup version 0.30.1-11-g7821555f0a (webtiles) character file.

Game seed: 7858387853906775390

28 Nonny the Ducker (level 3, -4/29 HPs)
             Began as a Merfolk Monk on Nov 28, 2023.
             Slain by Terence
             ... wielding a +0 trident
              (8 damage)
             ... on level 2 of the Dungeon.
             The game lasted 00:05:08 (801 turns).

Nonny the Ducker (Merfolk Monk)                      Turns: 801, Time: 00:05:08

Health: -4/29      AC:  3    Str: 11    XL:     3   Next: 12%
Magic:  3/3        EV: 11    Int:  9    God:
Gold:   84         SH:  0    Dex: 18    Spells: 2/2 levels left

rFire   . . .        b - +0 dagger (venom)
rCold   . . .        d - orb {light}
rNeg    . . .        j - +0 leather armour
rPois   .            (no helmet)
rElec   .            (no cloak)
rCorr   .            (no gloves)
SInv    .            (no boots)
Will    .....        (no amulet)
Stlth   +            (no ring)
HPRegen 0.24/turn    (no ring)
MPRegen 0.08/turn

%: no passive effects
@: confused, ambrosia-drunk, grasped by roots, glowing, constricted
A: (nimble swimmer 2), mertail
a: no special abilities


You were on level 2 of the Dungeon.
You visited 1 branch of the dungeon, and saw 2 of its levels.

You collected 84 gold pieces.

Inventory:

Hand Weapons
 a - a +0 falchion
 b - a +0 dagger of venom (weapon)
Missiles
 f - 17 stones (quivered)
 i - 5 poisoned darts
Armour
 d - an orb of light (worn)
 j - a +0 leather armour (worn)
Scrolls
 g - a scroll of identify {unknown}
 h - a scroll of enchant weapon {unknown}
Potions
 e - a potion of magic {unknown}


   Skills:
 - Level 3.2 Fighting
 + Level 4.2 Long Blades
 + Level 4.6 Dodging
 * Level 1.3 Stealth


You had 2 spell levels left.
You didn't know any spells.
Your spell library was empty.

Dungeon Overview and Level Annotations

Branches:
Dungeon (2/15)

Altars:

Annotations:
D:2 Terence


Innate Abilities, Weirdness & Mutations

((You are very nimble when in or above water. (Stealth+, EV+, Speed+++)))
Your lower body shifts to a powerful aquatic tail in water.


Message History

There is an open door here.
Done exploring.
Search for what [? for help]? .
There is a stone staircase leading down here.
You climb downwards.
There is a stone staircase leading up here.
Terence the Incautious comes into view.
He is wielding a +0 trident, wearing a +2 chain mail of fire resistance and carrying a wand of roots (10).
Terence shouts!
The goblin shouts!
Terence says, "Rest in peace."
You hit the goblin.
The goblin is poisoned.
The goblin is severely wounded.
You hit the goblin.
You kill the goblin!
Press: ? - help, v - describe, . - travel
Here: Terence, wielding a +0 trident, wearing a +2 chain mail of fire resistance and carrying a wand of roots (10)
The floor.
Terence hits you with a +0 trident!
You completely miss Terence. Terence misses you.
You hit Terence but do no damage.
Terence is poisoned.
Terence zaps a wand.
The roots erupt in riotous growth!
The grasping roots grab you!
Terence is unaffected.
The grasping roots constrict you.
You hit Terence but do no damage. Terence barely misses you.
The grasping roots constrict you.
Unknown command.
You barely miss Terence.
Terence is lightly wounded.
Terence misses you. The grasping roots constrict you.
You hit Terence but do no damage.
Terence is moderately wounded.
Terence hits you with a +0 trident. The grasping roots constrict you.
* * * LOW HITPOINT WARNING * * *
You hit Terence but do no damage.
Terence looks as sick as possible!
Terence is moderately wounded.
Terence completely misses you. The grasping roots constrict you.
* * * LOW HITPOINT WARNING * * *
Unknown command.
You are confused.
You feel invigorated. Terence hits you with a +0 trident!
You die...

####. ... ...
... #.# # #.#
#.###@# #....@#
.....#..########
... #...).....#
. #<#######.#
###


You could see Terence (extremely poisoned).

Vanquished Creatures
  A ball python (D:1)
  3 endoplasms (D:1)
  6 goblins
  3 jackals (D:1)
  2 kobolds (D:1)
  A quokka (D:1)
  2 bats (D:1)
  A frilled lizard (D:1)
  4 rats (D:1)
23 creatures vanquished.

Notes
Turn   | Place    | Note
-------+----------+-------------------------------------------
     0 | D:1      | Nonny the Merfolk Monk began the quest for the Orb.
     0 | D:1      | Reached XP level 1. HP: 18/18 MP: 1/1
    56 | D:1      | Starting vault: the lava pits
   279 | D:1      | Reached XP level 2. HP: 21/24 MP: 2/2
   296 | D:1      | Reached skill level 1 in Stealth
   707 | D:1      | Reached XP level 3. HP: 29/29 MP: 3/3
   789 | D:2      | Noticed Terence
   800 | D:2      | HP: 1/29 [constriction (4)]
   801 | D:2      | Slain by Terence

Illustrated notes

.#(## ....
#.≈. #≈K.
#..§ #.$§
#≈K≈#####
#...<#
####.≈@.#
#...##..#
#.##.#..#
#≈.##.###
#≈.#.##
##.##.##
#...#..#
##..#.#..#
#.##.####.#


Turn 56 on D:1: Starting vault: the lava pits

Levels and vault maps discovered:
D:1:      dpeg_arrival_brainrot, layout_basic, interstate_on_off
D:2:      layout_basic, basic_altar, chequers_serial_rivers_marsh, uniq_terence

Skill      XL: |  1  2 |
---------------+-------+-----
Stealth        | 1 |  1.3
Long Blades    | 4 |  4.2
Fighting       | |  3.2
Dodging        | |  4.6

Action                     || total
---------------------------++-------
  Melee: Falchion          ||    26
         Dagger            ||    28
    Use: Potion            ||     1
   Stab: Sleeping          ||     1
 Armour: Robe              ||     2
         Leather armour    ||     5
  Dodge: Dodged            ||    30
